 Dungeon Crawl Stone Soup version 0.27-a0-828-g8289197e94 (webtiles) character file.

Game seed: 2340987932848582254

11 polve the Ruffian (level 2, 0/23 HPs)
             Began as a Draconian Transmuter on Mar 30, 2021.
             Slain by a quokka (2 damage)
             ... on level 2 of the Dungeon.
             The game lasted 00:00:20 (769 turns).

polve the Ruffian (Draconian Transmuter)             Turns: 769, Time: 00:00:21

Health: 0/23       AC:  4    Str: 12    XL:     2   Next: 17%
Magic:  5/5        EV: 12    Int: 13    God:
Gold:   32         SH:  0    Dex: 11    Spells: 4/5 levels left

rFire    . . .     SeeInvis .     - Unarmed
rCold    . . .     Faith    .   (no shield)
rNeg     . . .     Spirit   .   (armour unavailable)
rPois    .         Reflect  .   (helmet restricted)
rElec    .         Harm     .   (no cloak)
rCorr    .         Rampage  .   (no gloves)
Will     .....                  (no boots)
Stlth    +.........             (no amulet)
HPRegen  0.07/turn              (no ring)
MPRegen  0.09/turn              (no ring)

@: no status effects
A: AC +4, unfitting armour, cold-blooded
a: no special abilities


You were on level 2 of the Dungeon.
You visited 1 branch of the dungeon, and saw 2 of its levels.

You collected 32 gold pieces.

Inventory:

Scrolls
 b - a scroll of identify {unknown}
Potions
 a - a potion of resistance {unknown}
 c - a potion of curing {unknown}
 d - 4 potions of heal wounds {unknown}
 e - a potion of mutation {unknown}


   Skills:
 - Level 1.1 Fighting
 - Level 1.7 Dodging
 - Level 3.0 Unarmed Combat
 - Level 2.0 Spellcasting
 + Level 2.9 Transmutations


You had 4 spell levels left.
You knew the following spells:

 Your Spells              Type           Power      Damage    Failure   Level
a - Beastly Appendage     Tmut           16%        N/A       8%          1

Your spell library contained the following spells:

 Spells                   Type           Power      Damage    Failure   Level
 Wereblood                Tmut           8%         N/A       12%         2
 Spider Form              Tmut/Pois      2%         N/A       38%         3
 Ice Form                 Ice/Tmut       5%         N/A       80%         4
 Hydra Form               Tmut           4%         N/A       91%         5


Dungeon Overview and Level Annotations

Branches:
Dungeon (2/15)

Altars:
Trog


Innate Abilities, Weirdness & Mutations

Your plain brown scales are hard. (AC +4)
You cannot fit into any form of body armour.
You are cold-blooded and may be slowed by cold attacks.


Message History

You are too injured to fight recklessly!
You are too injured to fight recklessly!
You are too injured to fight recklessly!
You are too injured to fight recklessly!
You are too injured to fight recklessly!
You are too injured to fight recklessly!
You closely miss the quokka. Your kick misses the quokka.
The quokka is almost dead.
The quokka twitches its whiskers.
The quokka bites you but does no damage.
You closely miss the quokka.
Your tail-slap misses the quokka.
The quokka is almost dead.
Your transformation is almost over.
The quokka closely misses you.
You hit the quokka.
You kill the quokka!
The quokka bites you.
You completely miss the quokka. The quokka bites you.
You hit the quokka. Your kick misses the quokka. You headbutt the quokka.
You kill the quokka!
You miss the quokka. Your kick misses the quokka.
Your headbutt misses the quokka. The quokka misses you.
You closely miss the quokka. The quokka closely misses you.
You barely miss the quokka. Your kick misses the quokka. The quokka bites you.
You hit the quokka but do no damage. Your headbutt misses the quokka.
The quokka closely misses you.
You closely miss the quokka. You headbutt the quokka.
The quokka is moderately wounded.
Your horns disappear.
Your talons disappear.
The quokka bites you.
* * * LOW HITPOINT WARNING * * *
The quokka bites you.
* * * LOW HITPOINT WARNING * * *
You closely miss the quokka.
The quokka is moderately wounded.
The quokka completely misses you.
You hit the quokka.
The quokka is severely wounded.
The quokka bites you.
You die...

###..........#
#......###+###
#...).......
#.##...##...
###.....##..
#..._...# .
#.......#
#'#####^#
#@#######
##r..?.#
######


You could see a quokka.

Vanquished Creatures
  An orc (D:2)
  3 endoplasms
  2 quokkas (D:2)
  A bat (D:1)
  2 frilled lizards (D:1)
  A rat (D:1)
10 creatures vanquished.

Notes
Turn   | Place    | Note
-------+----------+-------------------------------------------
     0 | D:1      | polve the Draconian Transmuter began the quest for the Orb.
     0 | D:1      | Reached XP level 1. HP: 16/16 MP: 3/3
   697 | D:2      | Found a bloodstained altar of Trog.
   725 | D:2      | Reached XP level 2. HP: 23/23 MP: 3/5
   769 | D:2      | Slain by a quokka

Illustrated notes

Levels and vault maps discovered:
D:1:      minmay_arrival_four_houses, layout_basic
D:2:      layout_basic, serial_shops, nicolae_shop_stone, trog_butcher_becter

Action                   || total
-------------------------++-------
Melee: Unarmed           ||    38
       Kick              ||     4
       Tailslap          ||     1
       Headbutt          ||     2
 Cast: Beastly Appendage ||     4
Armor: Skin              ||     9
Dodge: Dodged            ||    24

Table legend: (Time is in decaauts)
 A = Elapsed time spent in this place.
 B = Non-inter-level travel time spent in this place.
 C = Inter-level travel time spent in this place.
 D = Time resting spent in this place.
 E = Time spent auto-exploring this place.
 F = Levels seen in this place.
 G = Mean time per level.
                   A        B        C        D        E       F      G
               +--------+--------+--------+--------+--------+-----+--------+
         Total |    767 |    750 |     17 |      0 |    675 |   2 |  383.5 |
       Dungeon |    767 |    750 |     17 |      0 |    675 |   2 |  383.5 |
               +--------+--------+--------+--------+--------+-----+--------+

Top non-repeatable levels by time:
     D:1: 696 daAuts
     D:2: 70 daAuts
